 Dungeon Crawl Stone Soup version 0.29-a0-330-g52719c12eb (webtiles) character file.

Game seed: 9112907680717906331

10798 kae the Arsonist (level 11, -3/92 HPs)
             Began as a Demigod Fire Elementalist on Apr 21, 2022.
             Slain by a sun demon (18 damage)
             ... summoned by a kobold demonologist
             ... on level 11 of the Dungeon.
             The game lasted 00:12:12 (15007 turns).

kae the Arsonist (Demigod Fire Elementalist)       Turns: 15007, Time: 00:12:13

Health: -3/92      AC:  3    Str: 12 (13) XL:     11   Next: 18%
Magic:  0/25       EV: 15    Int: 26      God:
Gold:   532        SH:  0    Dex: 22 (24) Spells: 9/23 levels left

rFire   . . .      SeeInvis +   F - +9 flail of Floods {vorpal, rC+ Will+ Int-3 Dex+10}
rCold   + . .      Faith    .   (no shield)
rNeg    + . .      Spirit   +   x - +1 robe "Toicigha" {Harm rN+ Str-2 Archmagi}
rPois   .          Reflect  .   (no helmet)
rElec   .          Harm     +   (no cloak)
rCorr   .          Rampage  .   (no gloves)
Will    ++...      Archmagi +   (no boots)
Stlth   +.........              f - amulet of guardian spirit
HPRegen 1.05/turn               h - ring of see invisible
MPRegen 0.19/turn               b - +6 ring of strength

@: very slow
A: high MP 1, forlorn, divine attributes, deterioration 1, regeneration 1
a: no special abilities


You were on level 11 of the Dungeon.
You visited 1 branch of the dungeon, and saw 13 of its levels.
You also visited: Gauntlet.

You collected 532 gold pieces.

Inventory:

Hand Weapons
 e - a +1 spectral dagger
 B - the +7 lajatang of Order {silver, rMut}
   (You found it on level 10 of the Dungeon)

   It inflicts extra damage upon those it strikes, and deals substantially
   increased damage to chaotic, mutated and magically transformed beings.
   rMut:      It protects you from mutation.
 F - the +9 flail of Floods (weapon) {vorpal, rC+ Will+ Int-3 Dex+10}
   (You found it on level 12 of the Dungeon)

   It inflicts extra damage upon your enemies.
   Int:       It affects your intelligence (-3).
   Dex:       It affects your dexterity (+10).
   rC:        It protects you from cold.
   Will:      It increases your willpower.
Armour
 a - a +0 robe
 x - the +1 robe "Toicigha" (worn) {Harm rN+ Str-2 Archmagi}
   (You found it on level 8 of the Dungeon)

   Str:       It affects your strength (-2).
   rN:        It protects you from negative energy.
   Harm:      It increases damage dealt and taken.
   Archmagi:  It increases the power of your magical spells.
 G - a +0 pair of boots
Jewellery
 b - a +6 ring of strength (right hand)
 f - an amulet of guardian spirit (around neck)
 h - a ring of see invisible (left hand)
 r - a ring of resist corrosion
 t - a ring of magical power
 y - a ring of protection from cold
 I - the ring of Kankanot {Ice MP+9}
   (You found it on level 11 of the Dungeon)

   [ring of ice]

   It enhances your ice magic.
   rF:        It makes you vulnerable to fire.
   rC:        It protects you from cold.
   MP:        It affects your magic capacity (+9).
Wands
 o - a wand of flame (41)
 p - a wand of polymorph (6)
 v - a wand of paralysis (13)
 z - a wand of digging (3)
Scrolls
 c - 3 scrolls of fog
 d - 6 scrolls of teleportation
 g - 4 scrolls of noise
 n - a scroll of identify
 q - 4 scrolls of fear
 u - 2 scrolls of enchant weapon
 w - a scroll of amnesia
 D - a scroll of brand weapon
 H - a scroll of blinking
Potions
 i - 6 potions of attraction
 j - 2 potions of magic
 k - 2 potions of resistance
 l - a potion of lignification
 m - 7 potions of curing
 s - 3 potions of mutation
 A - 2 potions of brilliance
 C - a potion of flight
Miscellaneous
 E - a phial of floods


   Skills:
 + Level 7.1 Fighting
 + Level 5.1 Dodging
 - Level 1.7 Stealth
 + Level 6.8 Spellcasting
 + Level 7.0 Conjurations
 * Level 10.5 Fire Magic


You had 9 spell levels left.
You knew the following spells:

 Your Spells              Type           Power      Damage    Failure   Level
a - Foxfire               Conj/Fire      100%       2x1d9     1%          1
b - Scorch                Fire           100%       2d10      1%          2
c - Conjure Flame         Conj/Fire      70%        6-21      1%          3
d - Inner Flame           Hex/Fire       53%        N/A       2%          3
e - Flame Wave            Conj/Fire      70%        2d13      1%          4
f - Magic Dart            Conj           100%       1d8       1%          1

Your spell library contained the following spells:

 Spells                   Type           Power      Damage    Failure   Level
 Searing Ray              Conj           100%       2d8       1%          2
 Freeze                   Ice            52%        1d7       6%          1
 Sublimation of Blood     Necr           13%        N/A       10%         2
 Fulminant Prism          Conj/Hex       20%        3d13      14%         4
 Hailstorm                Conj/Ice       40%        3d10      14%         4
 Frozen Ramparts          Ice            26%        1d4       19%         3
 Gell's Gravitas          Tloc           13%        N/A       19%         3
 Lesser Beckoning         Tloc           13%        N/A       19%         3
 Teleport Other           Tloc           13%        N/A       19%         3
 Irradiate                Conj/Tmut      20%        3d20      38%         5
 Petrify                  Tmut/Erth      13%        N/A       54%         4
 Summon Forest            Summ/Tloc      6%         N/A       87%         5
 Summon Mana Viper        Hex/Summ       13%        N/A       87%         5
 Eringya's Noxious Bog    Tmut/Pois      6%         N/A       100%        6
 Summon Cactus Giant      Summ           6%         N/A       100%        6
 Summon Hydra             Summ           6%         N/A       100%        7


Dungeon Overview and Level Annotations

Branches:
Dungeon (13/15)            Temple (0/1) D:7            Lair (0/6) D:9
    Orc (0/2) D:12        Gauntlet (visited)
 Vaults: D:13-14

Shops:
D:3 =

Portals:
Trove: D:11 (give 7 potions of haste)

Annotations:
D:3 1 runed translucent door, initializr's ghost, amateur FoFi
D:5 1 runed translucent door, exclusion: troll, A55's ghost, novice DEAM
D:7 3 runed translucent doors, Flippered's ghost, novice DjFE
D:10 2 transporters, dohliylev's ghost, journeyman MiBe
D:12 exclusion: freezing wraith
D:13 Nessos; Rupert


Innate Abilities, Weirdness & Mutations

You have an increased reservoir of magic. (+10% MP)
You shall have no god before yourself.
Your divine heritage dramatically boosts your attributes as you level up.
Your body sometimes deteriorates upon taking damage.
Your natural rate of healing is unusually fast.


Message History

You start resting.
Magic restored.
A kobold demonologist is nearby!
A kobold demonologist is nearby!
Casting: Foxfire (safe; 1% risk of failure)
Confirm with . or Enter, or press ? or * to list all spells.
You feel a surge of power!
You conjure some foxfire!
The kobold demonologist shouts!
The kobold demonologist mumbles some strange words.
The foxfire hits the kobold demonologist.
The kobold demonologist is lightly wounded.
The kobold demonologist looks satisfied for a moment.
Casting: Foxfire (safe; 1% risk of failure)
Confirm with . or Enter, or press ? or * to list all spells.
You feel a surge of power!
You conjure some foxfire!
The foxfire hits the kobold demonologist but does no damage.
The kobold demonologist is lightly wounded.
The foxfire hits the sun demon but does no damage.
You enter the shallow water.
Moving in this stuff is going to be slow.
The foxfire hits the sun demon.
The sun demon completely resists.
Casting: Foxfire (safe; 1% risk of failure)
Confirm with . or Enter, or press ? or * to list all spells.
You feel a surge of power!
You conjure some foxfire!
The foxfire hits the sun demon but does no damage.
The foxfire hits the sun demon.
The sun demon completely resists.
The sun demon misses you.
The kobold demonologist casts a spell.
The sun demon hits you!!
You are engulfed in flames!
Casting: Foxfire (safe; 1% risk of failure)
Confirm with . or Enter, or press ? or * to list all spells.
You feel a surge of power!
You conjure some foxfire!
The sun demon hits you!!
Your body deteriorates!
You feel weakened.
You are engulfed in flames!
Your body deteriorates!
You feel clumsy.
The foxfire hits the sun demon.
The sun demon completely resists.
The foxfire hits the sun demon but does no damage.
The sun demon hits you!
* * * LOW HITPOINT WARNING * * *
You are engulfed in flames!!
You die...

.. ........#
...##......#
.....
...........#
....#
...........##
....
.#####.....#
...
#.....#######
.#
#..#......... #
..
###..##§.#####.
## #.##
#≈≈###@≈.# .#
..# #)## ##3K#
.## #.# #)#
#≈.## ..##
#.###)# #5.5#
#..## #..#≈≈#
#≈≈....#
##..###..#≈##
##≈##.##
#...##...## ###
... ###.......#
....
..........# ...


You could see a sun demon (summoned), a kobold demonologist, a quasit (summoned)
and a white imp (summoned).

Vanquished Creatures
  A hydra (D:12)
  A centaur warrior (D:11)
  2 two-headed ogres
  A flayed ghost (D:11)
  A cyclops (D:12)
  An ugly thing (D:12)
  Joseph (D:7)
  An unseen horror (D:12)
  A kobold demonologist (D:11)
  A hornet (D:10)
  A troll (D:12)
  Prince Ribbit (D:7)
  Sigmund (D:2)
  A shadow (D:8)
  3 wraiths
  A vampire (D:10)
  5 wyverns
  A yak (D:8)
  A steam dragon (D:7)
  2 basilisks (D:9)
  4 vampire mosquitoes
  An ice beast (D:5)
  2 orc warriors
  2 ogres
  4 centaurs
  A phantom (D:5)
  2 kobold brigands
  2 bullfrogs
  A scorpion (D:6)
  A necrophage (D:6)
  4 wights
  12 killer bees
  2 howler monkeys
  5 hounds
  A gnoll shaman (D:5)
  2 jellies (D:4)
  9 orc priests
  2 iguanas
  4 orc wizards
  3 gnolls
  6 adders
  2 white imps (D:5)
  2 ufetubi
  5 worms
  2 dart slugs
  22 orcs
  5 bats
  10 endoplasms
  8 giant cockroaches
  11 goblins
  11 hobgoblins
  10 jackals (D:1)
  A quokka (D:2)
  7 ball pythons
  3 frilled lizards
  36 kobolds
  5 rats
238 creatures vanquished.

Vanquished Creatures (collateral kills)
  8 foxfires (D:5)
8 creatures vanquished.

Vanquished Creatures (others)
  4 demonic plants (Gauntlet)
  643 foxfires
  56 plants
703 creatures vanquished.

Grand Total: 949 creatures vanquished

Notes
Turn   | Place    | Note
-------+----------+-------------------------------------------
     0 | D:1      | kae the Demigod Fire Elementalist began the quest for the
                  | Orb.
     0 | D:1      | Reached XP level 1. HP: 14/14 MP: 5/5
   147 | D:1      | Reached skill level 1 in Conjurations
   395 | D:1      | Reached XP level 2. HP: 22/22 MP: 5/7
   440 | D:1      | Reached skill level 3 in Fire Magic
   447 | D:1      | Learned a level 2 spell: Scorch
  1392 | D:1      | Reached XP level 3. HP: 18/27 MP: 2/8
  1393 | D:1      | Reached skill level 1 in Fighting
  1728 | D:2      | Noticed Sigmund
  1878 | D:2      | Killed Sigmund
  1879 | D:2      | Reached skill level 4 in Fire Magic
  1879 | D:2      | Reached XP level 4. HP: 16/36 MP: 0/10
  1879 | D:2      | Reached XP level 5. HP: 18/41 MP: 0/11
  3559 | D:3      | Found a runed translucent door.
  3582 | D:3      | Learned a level 1 spell: Magic Dart
  3586 | D:3      | Learned a level 3 spell: Conjure Flame
  3663 | D:3      | Noticed initializr's ghost (amateur FoFi)
  3972 | D:3      | Found Reanugu Ratu's Jewellery Emporium.
  5035 | D:4      | Reached XP level 6. HP: 48/48 MP: 10/13
  5576 | D:5      | Entered Level 5 of the Dungeon
  5581 | D:5      | Learned a level 3 spell: Inner Flame
  5584 | D:5      | Found a runed translucent door.
  5585 | D:5      | Noticed A55's ghost (novice DEAM)
  5785 | D:5      | Reached skill level 5 in Fire Magic
  6064 | D:5      | Noticed a troll
  6091 | D:5      | Reached XP level 7. HP: 52/56 MP: 9/15
  6675 | D:5      | Gained mutation: Your natural rate of healing is unusually
                  | fast. [potion of mutation]
  6675 | D:5      | Gained mutation: Your body sometimes deteriorates upon
                  | taking damage. [potion of mutation]
  7400 | D:6      | Reached skill level 6 in Fire Magic
  7595 | D:6      | Reached XP level 8. HP: 66/66 MP: 13/17
  8654 | D:7      | Noticed Joseph
  8664 | D:6      | Learned a level 4 spell: Flame Wave
  8670 | D:7      | Paralysed by Joseph for 3 turns
  8677 | D:7      | Killed Joseph
  8678 | D:7      | Reached skill level 7 in Fire Magic
  8957 | D:7      | Found a runed translucent gate.
  8957 | D:7      | Found a runed translucent gate.
  8959 | D:7      | Noticed a slime creature
  8960 | D:7      | Found a runed translucent gate.
  8961 | D:7      | Noticed Flippered's ghost (novice DjFE)
  9034 | D:7      | Noticed Prince Ribbit
  9041 | D:7      | Killed Prince Ribbit
  9042 | D:7      | Reached XP level 9. HP: 60/73 MP: 12/20
  9120 | D:7      | Reached skill level 5 in Spellcasting
  9185 | D:7      | Reached skill level 5 in Conjurations
  9193 | D:7      | Reached skill level 5 in Fighting
  9302 | D:7      | Found a staircase to the Ecumenical Temple.
  9911 | D:8      | Reached skill level 8 in Fire Magic
 10403 | D:8      | Identified the +1 robe "Toicigha" {Harm rN+ Str-2 Archmagi}
 11636 | D:9      | Reached skill level 9 in Fire Magic
 11755 | D:9      | Reached XP level 10. HP: 83/83 MP: 17/22
 11805 | D:9      | Found a staircase to the Lair.
 11942 | D:10     | Entered Level 10 of the Dungeon
 11993 | D:10     | Found a transporter.
 11996 | D:10     | Noticed a moth of wrath
 12331 | D:10     | Found the +7 lajatang of Order {silver, rMut}
 12773 | D:10     | Found a transporter.
 12776 | D:10     | Noticed dohliylev's ghost (journeyman MiBe)
 12779 | D:10     | Noticed an eight-headed hydra
 12963 | D:10     | Noticed a two-headed ogre
 12972 | D:10     | HP: 2/83 [two-headed ogre/+0 giant club (23)]
 13348 | D:10     | Killed a two-headed ogre
 13532 | D:11     | Found a portal to a secret trove of treasure.
 13538 | D:11     | You fall into a shaft and drop 2 floors!
 13538 | D:13     | Noticed Rupert
 13538 | D:13     | Noticed Nessos
 13540 | D:13     | Noticed a centaur warrior
 13586 | D:12     | Identified the +9 flail of Floods {vorpal, rC+ Will+ Int-3
                  | Dex+10}
 13595 | D:12     | Noticed a four-headed hydra
 13610 | D:12     | Killed a four-headed hydra
 13650 | D:12     | Noticed a cyan ugly thing
 13665 | D:12     | HP: 3/84 [cyan ugly thing (18)]
 13666 | D:12     | Killed a cyan ugly thing
 13667 | D:12     | Reached skill level 10 in Fire Magic
 13958 | D:12     | Found a staircase to the Orcish Mines.
 13975 | D:12     | Found a gate leading to a gauntlet.
 13979 | Gauntlet | Entered a Gauntlet
 13979 | Gauntlet | Noticed a large abomination
 13979 | Gauntlet | Found a transporter.
 13986 | Gauntlet | Found a transporter.
 13988 | Gauntlet | Found a transporter.
 13991 | Gauntlet | Noticed an ice statue
 13999 | Gauntlet | Found a transporter.
 14002 | Gauntlet | Found a transporter.
 14012 | Gauntlet | Found a transporter.
 14028 | Gauntlet | Found a runed translucent gate.
 14029 | Gauntlet | Found a transporter.
 14029 | Gauntlet | Found a runed translucent gate.
 14030 | Gauntlet | Found a runed translucent gate.
 14031 | Gauntlet | Found the +2 cloak of the Thief {*Fog Slay-2 SInv Stlth+}
 14036 | Gauntlet | Found a runed translucent door.
 14037 | Gauntlet | Noticed a large abomination
 14040 | Gauntlet | Found a transporter.
 14042 | Gauntlet | Noticed a large abomination
 14047 | Gauntlet | Noticed an elephant
 14048 | Gauntlet | Noticed an elephant
 14049 | Gauntlet | Found a transporter.
 14049 | Gauntlet | Noticed a dire elephant
 14050 | Gauntlet | Found a runed translucent door.
 14051 | Gauntlet | Noticed an elephant
 14057 | Gauntlet | Found a runed translucent door.
 14063 | Gauntlet | Found a transporter.
 14077 | Gauntlet | Found a transporter.
 14079 | Gauntlet | Found a transporter.
 14131 | Gauntlet | Found a transporter.
 14134 | Gauntlet | Found a transporter.
 14263 | D:12     | Noticed a cyclops
 14268 | D:12     | Killed a cyclops
 14278 | D:12     | Noticed a boulder beetle
 14538 | D:11     | Noticed a two-headed ogre
 14552 | D:11     | Killed a two-headed ogre
 14552 | D:11     | Noticed a flayed ghost
 14553 | D:11     | Reached XP level 11. HP: 91/91 MP: 16/25
 14557 | D:11     | Noticed a centaur warrior
 14559 | D:11     | Killed a flayed ghost
 14567 | D:11     | HP: 4/92 [centaur warrior (9)]
 14568 | D:11     | Killed a centaur warrior
 14569 | D:11     | Reached skill level 5 in Dodging
 14782 | D:11     | Identified the ring of Kankanot {Ice MP+9}
 14998 | D:11     | Noticed a sun demon
 15007 | D:11     | Slain by a sun demon

Illustrated notes

Levels and vault maps discovered:
D:1:      dpeg_chamrin_arrival_tetris, layout_basic,
          shapermc_ecumenical_altar_mp_vishouse
D:2:      layout_basic, uniq_sigmund
D:3:      layout_basic, hellmonk_ghost_happy_afterlife, serial_shops,
          nicolae_shop_statue_plus
D:4:      layout_layer_cave
D:5:      kennysheep_kobold_camp, layout_basic, marbit_many_paths,
          lemuel_crystal_altar, ebering_ghost_reflecting_pool
D:6:      layout_basic, fiery_altar_vehumet
D:7:      layout_gridville, minmay_temple_entry_ruins, gammafunk_ghost_split,
          uniq_prince_ribbit1, uniq_joseph
D:8:      layout_gridville, kennysheep_mini, old_standard_altar, enter_bailey_5
D:9:      layout_cross, overflow_temple_1_default, zin_treasury,
          david_lair_generic
D:10:     layout_loops_cross, serial_glass, glass_columns_a, glass_columns_c,
          gammafunk_ghost_berserking_beasts
D:11:     minmay_chopped_fan, layout_layer_cave, enter_trove_0, lightli_airlock
D:12:     layout_loops_ring, orc_0_dummy, gauntlet_entry_generic
D:13:     layout_roguey, david_vaults_3, serial_shops,
          nicolae_shop_temple_entry_statues_fountains,
          eat_drink_and_be_merry_uskayaw, uniq_nessos

Skill      XL: |  1  2  3  4  5  6  7  8  9 10 11 |
---------------+----------------------------------+-----
Conjurations   | 1 2 3 4 5 6 7 |  7.0
Fire Magic     | 3 4 5 6 7 9 10 | 10.5
Spellcasting   | 2 3 4 5 6 |  6.8
Fighting       | 2 3 4 5 6 7 |  7.1
Dodging        | 3 4 5 |  5.1
Stealth        | |  1.7

Action                   |  1- 3 |  4- 6 |  7- 9 | 10-12 || total
-------------------------+-------+-------+-------+-------++-------
Melee: Unarmed           |     4 |       |       |       ||     4
       Dagger            |    23 |     5 |    58 |    10 ||    96
       Flail             |       |       |       |     9 ||     9
 Cast: Foxfire           |    39 |   126 |   152 |    55 ||   372
       Scorch            |    17 |    24 |    65 |    36 ||   142
       Flame Wave        |       |       |     8 |     3 ||    11
       Inner Flame       |       |       |     3 |     9 ||    12
       Conjure Flame     |       |       |     1 |    17 ||    18
  Use: Potion            |     2 |       |     8 |     1 ||    11
       Scroll            |     3 |     6 |     5 |     5 ||    19
 Stab: Sleeping          |     1 |       |       |     1 ||     2
       Invisible         |       |       |     1 |       ||     1
Armor: Robe              |    15 |     1 |    15 |     5 ||    36
       Skin              |       |       |    41 |       ||    41
Dodge: Dodged            |    51 |    13 |   143 |    39 ||   246

Table legend: (Time is in decaauts)
 A = Elapsed time spent in this place.
 B = Non-inter-level travel time spent in this place.
 C = Inter-level travel time spent in this place.
 D = Time resting spent in this place.
 E = Time spent auto-exploring this place.
 F = Levels seen in this place.
 G = Mean time per level.
                   A        B        C        D        E       F      G
               +--------+--------+--------+--------+--------+-----+--------+
         Total |  15039 |  14539 |    500 |    758 |  11587 |  14 | 1074.2 |
       Dungeon |  14792 |  14292 |    500 |    758 |  11389 |  13 | 1137.8 |
      Gauntlet |    247 |    247 |      0 |      0 |    198 |   1 |  247.0 |
               +--------+--------+--------+--------+--------+-----+--------+

Top non-repeatable levels by time:
     D:5: 2050 daAuts
     D:2: 1756 daAuts
     D:1: 1719 daAuts
    D:10: 1475 daAuts
     D:8: 1357 daAuts
     D:6: 1137 daAuts
     D:4: 1049 daAuts
     D:3: 1049 daAuts
     D:7: 1028 daAuts
     D:9: 918 daAuts
    D:12: 714 daAuts
    D:11: 518 daAuts
Gauntlet: 247 daAuts
    D:13: 15 daAuts
